 Dungeon Crawl Stone Soup version 0.30-b1-2-g02819fbbbe (webtiles) character file.

Game seed: 10563603105018434214

955 Arcadio the Trooper (level 8, -1/52 HPs)
             Began as a Gargoyle Cinder Acolyte on May 15, 2023.
             Was a High Priest of Ignis.
             Slain by an ogre
             ... wielding a +0 giant club
              (9 damage)
             ... on level 5 of the Dungeon.
             The game lasted 00:12:27 (4677 turns).

Arcadio the Trooper (Gargoyle Cinder Acolyte)       Turns: 4677, Time: 00:12:27

Health: -1/52      AC: 28    Str: 27    XL:     8   Next: 14%
Magic:  9/9        EV:  9    Int: 14    God:    Ignis [*****.]
Gold:   245        SH:  0    Dex:  5    Spells: 9/9 levels left

rFire   + . .        a - -1 mace (flame)
rCold   . . .        (no shield)
rNeg    + . .        l - +0 chain mail
rPois   ∞            A - +0 helmet
rElec   +            (no cloak)
rCorr   .            c - +0 pair of gloves
SInv    .            E - +2 pair of boots
Will    .....        (no amulet) Stlth
                     e - +6 ring of strength
HPRegen 0.28/turn    (no ring)
MPRegen 0.11/turn

%: no passive effects
@: fiery-armoured
A: sickness immunity, AC +5, negative energy resistance 1, electricity
resistance, torment resistance 1, petrification resistance
a: Renounce Religion, Fiery Armour, Foxfire Swarm, Rising Flame


You were on level 5 of the Dungeon.
You worshipped Ignis.
Ignis was extremely pleased with you.
You visited 1 branch of the dungeon, and saw 5 of its levels.
You also visited: Ossuary.

You collected 245 gold pieces.

Inventory:

Hand Weapons
 a - a -1 mace of flaming (weapon)
 o - a +0 flail
 D - a +6 club
Missiles
 C - a throwing net (quivered)
Armour
 b - a +0 robe
 c - a +0 pair of gloves (worn)
 d - a +0 ring mail
 h - a +0 scale mail
 l - a +0 chain mail (worn)
 A - a +0 helmet (worn)
 E - a +2 pair of boots (worn)
Jewellery
 e - a +6 ring of strength (left hand)
Wands
 B - a wand of paralysis (7)
Scrolls
 g - a scroll of vulnerability
 m - 2 scrolls of poison {unknown}
 n - 2 scrolls of teleportation {unknown}
 q - a scroll of magic mapping {unknown}
 r - a scroll of identify
 t - a scroll of enchant weapon {unknown}
 u - a scroll of fog {unknown}
 x - a scroll of amnesia {unknown}
 y - a scroll of fear {unknown}
Potions
 f - 5 potions of curing
 i - 2 potions of mutation
 j - a potion of attraction
 k - a potion of degeneration {unknown}
 p - 2 potions of might
 s - a potion of heal wounds {unknown}
 v - a potion of lignification {unknown}
 w - a potion of haste {unknown}
 z - a potion of flight {unknown}


   Skills:
 + Level 6.6 Fighting
 + Level 6.0 Maces & Flails
 + Level 5.5 Armour
 - Level 1.0 Spellcasting
 - Level 3.0 Fire Magic


You had 9 spell levels left.
You didn't know any spells.
Your spell library contained the following spells:

 Spells                   Type           Power      Damage    Failure   Level
 Scorch                   Fire           18%        2d5       45%         2
 Apportation              Tloc           0%         N/A       75%         1
 Magic Dart               Conj           0%         1d3       75%         1
 Necrotise                Necr           0%         1d4       75%         1
 Summon Small Mammal      Summ           0%         N/A       75%         1
 Call Imp                 Summ           0%         N/A       86%         2
 Mephitic Cloud           Conj/Pois/Air  0%         N/A       98%         3
 Tukima's Dance           Hex            0%         N/A       98%         3
 Passage of Golubria      Tloc           0%         N/A       100%        4
 Yara's Violent Unravell  Hex/Tmut       0%         3d3       100%        5


Dungeon Overview and Level Annotations

Branches:
Dungeon (5/15) Zot: 25809 Ossuary (visited)
 Temple: D:4-7

Altars:

Shops:
D:2 [   D:4 (

Annotations:
D:3 2 transporters, ak47sunrisetnf's ghost, amateur HOFi
D:5 3 runed translucent doors, rcg1917's ghost, amateur TrBe


Innate Abilities, Weirdness & Mutations

You are immune to sickness and miasma.
Your stone body is resilient. (AC +5)
You are immune to poison.
You resist negative energy. (rN+)
You are resistant to electric shocks. (rElec)
You are resistant to unholy torment.
You are immune to petrification.


Message History

The orc shouts!
You hear a shout!
The orc shouts!
The orc priest curses repeatedly.
An ogre comes into view. It is wielding a +0 giant club.
The ogre shouts!
You hear a shout! x2
An orc comes into view. It is wielding a +0 short sword.
The orc shouts! 3 orcs come into view.
The orc shouts! x3
An orc comes into view. It is wielding a +0 dagger.
You completely miss the ogre.
A scorpion comes into view.
The ogre closely misses you.
You hit the ogre. You burn the ogre.
The ogre is moderately wounded.
The ogre hits you but does no damage. The orc barely misses you.
You hit the orc but do no damage. The orc hits you but does no damage.
The ogre hits you with a +0 giant club! The orc closely misses you.
You hit the ogre but do no damage.
The ogre is moderately wounded.
The ogre hits you but does no damage.
You sock the ogre! You burn the ogre.
The ogre is severely wounded.
The ogre hits you but does no damage.
You barely miss the ogre.
The ogre is severely wounded.
You hit the ogre. You burn the ogre.
The ogre is severely wounded.
The ogre hits you but does no damage.
An orc priest comes into view. It is wielding a +0 dagger.
You barely miss the ogre.
The ogre is severely wounded.
The orc priest mumbles some strange prayers to Beogh against you.
Beogh smites you!
The ogre hits you with a +0 giant club!!
* * * LOW HITPOINT WARNING * * *
A protective cloak of flame settles atop you.
The ogre hits you with a +0 giant club!
You die...

###.#..#..#8. ###....#oo##.
.##....#o#... .#.....+o#...
... .......+W#.8. .s..
....#..+.#... ###oo..
.#..#..#o#... ..o....
....#..#..##. ######..o....
###...)#..#8. #.@Oo#.......
..##...#..##. ####oo......#
#..##..#..... ###oo......
##.##.8##########.........#
#.##### ##..............#
#..#######...###.###......
##.##.........##.#
#........ #..#.........##.#
#........
##.#..........#.###....$..#


You could see an ogre and 5 orcs.

Vanquished Creatures
  A black bear (D:4)
  An ogre (D:4)
  2 phantoms
  An elf zombie (Ossuary)
  4 centaur zombies (Ossuary)
  A hound (D:4)
  3 human zombies (Ossuary)
  Jessica (D:2)
  An iguana (D:4)
  3 mummies (Ossuary)
  9 adders
  2 adder zombies (Ossuary)
  3 worms
  4 dart slugs
  12 orcs
  6 ball pythons
  11 endoplasms
  5 giant cockroaches
  A gnoll zombie (Ossuary)
  7 hobgoblins
  3 jackals (D:1)
  2 quokkas
  5 bats
  4 frilled lizards
  6 goblins
  3 goblin zombies (Ossuary)
  4 hobgoblin zombies (Ossuary)
  5 jackal zombies (Ossuary)
  5 kobolds
  3 kobold zombies (Ossuary)
  2 orc zombies (Ossuary)
  5 quokka zombies (Ossuary)
  4 rats
  3 rat zombies (Ossuary)
132 creatures vanquished.

Vanquished Creatures (others)
  2 plants (D:1)
2 creatures vanquished.

Grand Total: 134 creatures vanquished

Notes
Turn   | Place    | Note
-------+----------+-------------------------------------------
     0 | D:1      | Arcadio the Gargoyle Cinder Acolyte began the quest for the
                  | Orb.
     0 | D:1      | Reached XP level 1. HP: 14/14 MP: 2/2
   111 | D:1      | Reached XP level 2. HP: 13/19 MP: 3/3
   178 | D:1      | Reached skill level 1 in Armour
   936 | D:1      | Reached XP level 3. HP: 22/24 MP: 4/4
  1246 | D:2      | Reached XP level 4. HP: 26/29 MP: 5/5
  1438 | D:2      | Noticed Jessica
  1444 | D:2      | Killed Jessica
  2005 | D:2      | Found Pach's Armour Boutique.
  2184 | D:2      | Reached XP level 5. HP: 34/34 MP: 6/6
  2306 | D:3      | Found a transporter.
  2311 | D:3      | Noticed ak47sunrisetnf's ghost (amateur HOFi)
  2329 | D:3      | Found a transporter.
  3107 | D:4      | Noticed an ogre
  3112 | D:4      | Found Emoeg's Weapon Shoppe.
  3117 | D:4      | Killed an ogre
  3118 | D:4      | Reached skill level 5 in Fighting
  3118 | D:4      | Reached XP level 6. HP: 40/40 MP: 7/7
  3168 | D:4      | Found a sand-covered staircase.
  3173 | Ossuary  | Entered an ossuary
  3445 | Ossuary  | Reached skill level 5 in Maces & Flails
  3445 | Ossuary  | Reached XP level 7. HP: 21/44 MP: 8/8
  3877 | D:4      | Reached skill level 5 in Armour
  4330 | D:4      | Reached XP level 8. HP: 46/52 MP: 9/9
  4494 | D:5      | Entered Level 5 of the Dungeon
  4612 | D:5      | Found a runed translucent gate.
  4612 | D:5      | Found a runed translucent gate.
  4612 | D:5      | Found a runed translucent gate.
  4615 | D:5      | Noticed rcg1917's ghost (amateur TrBe)
  4623 | D:5      | Identified the +9 short sword "Hapyon" {heavy, +Blink SInv
                  | Stlth+}
  4677 | D:5      | Slain by an ogre

Illustrated notes

Levels and vault maps discovered:
D:1:      lightli_arrival_isolated_outpost, layout_basic, serial_forest,
          infiniplex_forest_lined_2, infiniplex_forest_straight_3,
          infiniplex_forest_lined_room_2, infiniplex_forest_clump_cross,
          infiniplex_forest_clump_cross, infiniplex_forest_zigzag_1,
          infiniplex_forest_clump_curved
D:2:      layout_loops_corners, serial_shops, shop_statue, uniq_jessica
D:3:      layout_loops_ring, gammafunk_ghost_stat_death
D:4:      minmay_recursive_quarters, layout_loops_ring, enter_ossuary_2,
          serial_shops, nicolae_shop_crystal, hex_tiny
D:5:      minmay_diamond_boxcup, layout_rooms, biasface_ghost_orc_armoury,
          uniq_blork_the_orc

Skill      XL: |  1  2  3  4  5  6  7  8 |
---------------+-------------------------+-----
Armour         | 1 2 3 4 5 |  5.5
Fighting       | 4 5 6 |  6.6
Maces & Flails | 4 5 6 |  6.0
Spellcasting   | |  1.0
Fire Magic     | |  3.0

Action                     |  1- 3 |  4- 6 |  7- 9 || total
---------------------------+-------+-------+-------++-------
  Melee: Mace              |    94 |   257 |   187 ||   538
         Punch             |       |     4 |     2 ||     6
 Invoke: Fiery Armour      |       |       |     1 ||     1
  Evoke: Wand              |       |     1 |       ||     1
    Use: Scroll            |       |     4 |     1 ||     5
   Stab: Paralysed         |       |     5 |       ||     5
 Armour: Robe              |     4 |       |       ||     4
         Ring mail         |    19 |       |       ||    19
         Scale mail        |    19 |       |       ||    19
         Skin              |     3 |       |       ||     3
         Chain mail        |       |   187 |   139 ||   326
  Dodge: Dodged            |    55 |   128 |    70 ||   253
